 Dungeon Crawl Stone Soup version 0.22-a0-414-gacd343e (webtiles) character file.

277956 Mika the Hoplite (level 19, -7/130 HPs)
             Began as a Minotaur Berserker on May 12, 2018.
             Was a High Priest of Trog.
             Killed from afar by a starcursed mass (11 damage)
             ... with an accursed screaming
             ... on level 2 of the Abyss on May 13, 2018.
             The game lasted 02:41:08 (47688 turns).

Mika the Hoplite (Minotaur Berserker)              Turns: 47688, Time: 02:41:09

Health: -7/130     AC: 34    Str: 28    XL:     19   Next: 62%
Magic:  13/13      EV: 16    Int: -1 (0) God:    Trog [*****.]
Gold:   3204       SH: 25    Dex:  9    Spells: 18/18 levels left

rFire    x . .     SeeInvis .   T - +5 demon whip of Elaf {flame, rF- Str+3}
rCold    + . .     Gourm    .   G - +4 shield "Semanki" {rPois rC- Dex+2}
rNeg     . . .     Faith    .   C - +2 plate armour {rC+}
rPois    +         Spirit   .   (helmet restricted)
rElec    .         Reflect  +   N - +2 cloak of Beyond {rC+}
rCorr    .         Harm     .   Z - +2 pair of gloves
MR       +++..     Rnd*Rage +   j - +0 pair of boots Stlth ..........Rnd*Tele +
                                J - +4 amulet of reflection
HPRegen  1.00/turn              X - ring of Robustness {AC+8}
MPRegen  0.13/turn              k - +6 ring of evasion

@: regenerating, hasted and slowed, lost intelligence, studying Throwing,
drained
A: retaliatory headbutt, horns 2, [berserk 3], [blurry vision 3], [clumsy 2],
[deformed body], [deterioration 2], [dopey 2], [frail 3], [low mp 3], [screaming
3], [inhibited regeneration], [teleportitis 3], [weak 2], [no potion heal 3],
[subdued magic 3]
}: 2/15 runes: barnacled, gossamer
a: Berserk, Trog's Hand, Brothers in Arms, Renounce Religion


You were on level 2 of the Abyss.
You worshipped Trog.
Trog was extremely pleased with you.
You were not hungry.

You visited 7 branches of the dungeon, and saw 35 of its levels.
You visited the Abyss 2 times.
You also visited: Ice Cave.

You collected 3445 gold pieces.
You spent 241 gold pieces at shops.

Inventory:

Hand Weapons
 b - the +3 dire flail "Jykhlauf" {crush, Dex+5}
   (Trog gifted it to you on level 14 of the Dungeon)

   It inflicts extra damage upon your enemies.
   It affects your dexterity (+5).
 w - the +5 mace of Interdependent Arising {speed, Str+4}
   (You found it on level 2 of the Spider Nest)

   Attacks with this weapon are significantly faster.
   It affects your strength (+4).
 T - the +5 demon whip of Elaf (weapon) {flame, rF- Str+3}
   (Trog gifted it to you on level 4 of the Shoals)

   It has been specially enchanted to burn those struck by it, causing extra
   injury to most foes and up to half again as much damage against particularly
   susceptible opponents.
   It affects your strength (+3).
   It makes you vulnerable to fire.
Armour
 j - a +0 pair of boots (worn)
 C - a +2 plate armour of cold resistance (worn)
 G - the +4 shield "Semanki" (worn) {rPois rC- Dex+2}
   (You found it on level 5 of the Dungeon)

   It affects your dexterity (+2).
   It makes you vulnerable to cold.
   It protects you from poison.
 N - the +2 cloak of Beyond (worn) {rC+}
   (You bought it in a shop on level 2 of the Orcish Mines)

   It protects you from cold.
 Z - a +2 pair of gloves (worn)
Jewellery
 k - a +6 ring of evasion (right hand)
 r - an uncursed ring of protection from magic
 y - an uncursed ring of flight
 J - a +4 amulet of reflection (around neck)
 X - the ring of Robustness (left hand) {AC+8}
   (You found it on level 3 of the Shoals)

   [ring of protection]

   It affects your AC (+8).
Wands
 e - a wand of flame (76)
 n - a wand of polymorph (89)
 s - a wand of iceblast (10)
 E - a wand of disintegration (21)
 I - a wand of digging (18)
 O - a wand of acid (35)
 R - a wand of paralysis (17)
 U - a wand of clouds (10)
 V - a wand of enslavement (13)
Scrolls
 d - 2 scrolls of enchant armour
 p - 6 scrolls of enchant weapon
 q - 4 scrolls of teleportation
 x - a scroll of brand weapon
 B - 7 scrolls of fog
 H - 17 scrolls of remove curse
 K - 3 scrolls of magic mapping
 L - 2 scrolls of blinking
 M - 10 scrolls of identify
 P - a scroll of fear
Potions
 g - 2 potions of berserk rage
 h - 2 potions of agility
 i - 3 potions of heal wounds
 l - 8 potions of flight
 m - 10 potions of brilliance
 o - a potion of might
 t - 4 potions of magic
 v - 8 potions of ambrosia
 z - 6 potions of mutation
 A - 12 potions of curing
 D - 6 potions of lignification
 Q - a potion of invisibility
Books
 u - a manual of Throwing
Miscellaneous
 F - 2 sacks of spiders
Comestibles
 c - 11 rations


   Skills:
 * Level 20.3(19.7) Fighting
 + Level 18.0(17.4) Maces & Flails
 * Level 21.6(20.9) Armour
 - Level 5.2(4.7) Dodging
 + Level 22.1(21.4) Shields
 + Level 0.2(0.0) Unarmed Combat
 + Level 2.5(2.1) Evocations


You had 18 spell levels left.
You didn't know any spells.
Your spell library was empty.

Dungeon Overview and Level Annotations

Branches:
Dungeon (15/15)            Temple (0/1) D:6            Lair (6/6) D:9
 Shoals (4/4) Lair:3       Spider (4/4) Lair:4        Slime (1/5) Lair:6
    Orc (2/2) D:11            Elf (3/3) Orc:2        Vaults (0/5) D:13
 Depths (0/5) D:15

Altars:
Dithmenos
Hepliaklqana
Kikubaaqudgha
Nemelex Xobeh
Qazlal
Ru
Sif Muna
Uskayaw
Vehumet
Wu Jian
Xom
Yredelemnul
Zin
Beogh

Shops:
D:15 =   Orc:1 :   Orc:2 !:[[


Innate Abilities, Weirdness & Mutations

You reflexively headbutt those who attack you in melee.
You have a pair of horns on your head.
[You have an uncontrollable temper.]
[Scrolls take you much longer to read.]
[You are very clumsy. (Dex -4)]
[Armour fits poorly on your strangely shaped body.]
[Your body often deteriorates upon taking damage.]
[You are very dopey. (Int -4)]
[You are extremely frail. (-30% HP)]
[Your magical capacity is extremely low. (-30% MP)]
[You frequently scream uncontrollably at your foes.]
[You do not regenerate when monsters are visible.]
[You are often teleported next to monsters.]
[You are very weak. (Str -4)]
[Potions cannot restore your health.]
[Your spells are much easier to cast, but much less powerful.]


Message History

A starcursed mass splits.
A chorus of shrieks assaults your mind.
* * * LOW HITPOINT WARNING * * *
The wretched star pulses with an eldritch light!
The large abomination hits you but does no damage.
The wretched star pulses with an eldritch light!
The wretched star pulses with an eldritch light!
A starcursed mass splits.
A starcursed mass splits.
A starcursed mass splits.
Found 44 gold pieces.
A starcursed mass splits.
A deafening chorus of shrieks assaults your mind!
* * * LOW HITPOINT WARNING * * *
You suddenly lose the ability to move!
You can move again.
You feel yourself speed up.
The large abomination barely misses you.
A deafening chorus of shrieks assaults your mind!
You die...

... .# ## ... #$# ..
... ... .# # .. #..
#.. #.#.##.#
#.##..#..#...##
#....#..#.#....
#..#..#......# ####
#@...#.....
#.....#XZ...#
##...###...## #.# ##.#
##X## ...###.. ###.XX#
.#. .#... .#...X.#..
............X...XX..X.
#... .#.....#....X#...
#. # ..
##.h2###...###...


You could see 5 starcursed masses, 2 large abominations and an anaconda
simulacrum.

Vanquished Creatures
  Nikola (Spider:4)
  Jorgrun (Spider:4)
  An Ice Fiend (IceCv)
  Frances (Shoals:2)
  5 krakens
  Kirke (D:15)
  Ilsuiw (Shoals:4)
  4 ghost moths
  An azure jelly (Slime:1)
  2 deep elf sorcerers (Elf:2)
  6 emperor scorpions
  Aizul (Spider:4)
  Louise (Spider:4)
  3 entropy weavers
  A deep elf annihilator (Elf:1)
  A spark wasp (Spider:4)
  2 deep elf death magi (Elf:2)
  4 merfolk javelineers (Shoals:4)
  Snorg (Lair:6)
  7 merfolk impalers
  Erolcha (D:9)
  4 vault guards (D:13)
  A hell beast (D:11)
  9 hydras
  2 alligator snapping turtles
  A catoblepas (Lair:6)
  6 merfolk aquamancers
  A centaur warrior (D:15)
  2 ogre magi
  3 merfolk avatars
  26 dancing weapons
  9 two-headed ogres
  2 death knights
  3 death yaks (Lair:5)
  2 satyrs (Shoals:4)
  An orc high priest (Orc:1)
  2 thrashing horrors (Abyss:2)
  14 deep elf knights
  A skeletal warrior (D:15)
  10 sea snakes
  2 large abominations (Abyss:2)
  An unseen horror (D:14)
  2 wizards
  4 harpies (Shoals:4)
  15 deep elf archers
  2 lindwurms (Lair:6)
  4 orc knights
  A necromancer (D:15)
  4 ugly things
  35 wolf spiders
  48 deep elf magi
  A wolf spider zombie (D:15)
  Pikel (D:6)
  11 orb spiders
  7 orc sorcerers
  8 oklob plants
  A worldbinder (Abyss:2)
  3 cyclopes
  13 fauns
  15 manticores
  A moth of wrath (Spider:1)
  12 merfolk sirens
  Maurice (D:11)
  4 water nymphs
  3 torpor snails
  7 elephants
  2 ice statues (IceCv)
  4 black mambas
  2 centaur skeletons (D:15)
  13 spiny frogs
  4 gargoyles
  2 orange demons (D:11)
  2 rime drakes (Lair:6)
  An efreet (D:14)
  3 kobold demonologists
  4 freezing wraiths
  11 demonic crawlers
  5 komodo dragons
  An anaconda simulacrum (IceCv)
  2 golden dragon simulacra (IceCv)
  11 ice devils (IceCv)
  6 trolls
  A wolf spider simulacrum (Abyss:2)
  41 jumping spiders
  26 merfolk
  10 hornets
  6 raiju (Abyss:2)
  4 wind drakes
  13 slime creatures
  A blink frog (shapeshifter) (D:14)
  A meliai zombie (D:14)
  14 hippogriffs
  2 polar bears
  A hornet (shapeshifter) (D:14)
  8 snapping turtles
  13 blink frogs
  12 dream sheep
  A spriggan (Lair:4)
  2 centaur simulacra (D:15)
  A shadow (D:11)
  4 starcursed masses (Abyss:2)
  2 wyverns
  An air elemental (Elf:2)
  45 tarantellas
  2 ynoxinuls (Abyss:2)
  A hog (D:15)
  18 water elementals
  79 redbacks
  A steam dragon (Lair:3)
  5 wraiths
  5 hungry ghosts
  29 yaks
  3 fire elementals
  Eustachio (D:6)
  5 vampire mosquitoes
  2 humans
  A chaos spawn (Abyss:2)
  6 basilisks
  A neqoxec (Abyss:2)
  2 iron troll simulacra (IceCv)
  Menkaure (D:6)
  6 wargs
  3 harpy simulacra (IceCv)
  2 acid dragons
  9 water moccasins
  Edmund (D:6)
  2 hydra simulacra (IceCv)
  44 orc warriors
  5 porcupines
  A sky beast (D:9)
  5 black bears
  4 ice beasts
  2 slaves (D:6)
  16 ogres
  7 wolves (Lair:4)
  3 phantoms
  A hornet zombie (D:11)
  23 centaurs
  15 crocodiles
  A small abomination (Abyss:2)
  Blork the orc (D:12)
  7 big kobolds
  The ghost of zeram the Covert, an amateur SpAs (D:3)
  An earth elemental (Elf:3)
  A wyvern zombie (D:14)
  15 bullfrogs
  4 scorpions
  15 killer bees
  6 electric eels
  10 wights
  6 howler monkeys
  7 crimson imps
  5 centaur zombies
  A quasit (D:15)
  A bullfrog zombie (D:7)
  5 jellies
  23 orc wizards
  16 orc priests
  3 hounds
  Crazy Yiuf (D:6)
  3 bullfrog skeletons
  5 iguanas
  7 iron imps (D:11)
  6 worker ants
  A hound skeleton (D:6)
  3 worker ant zombies
  7 gnolls
  4 adders
  4 shadow imps
  An ooze (D:6)
  5 dart slugs
  2 worms
  4 leopard geckos
  76 orcs
  8 bats
  6 giant cockroaches
  7 goblins
  12 hobgoblins
  22 jackals
  10 quokkas
  A ball python (D:8)
  A ball python skeleton (D:4)
  6 frilled lizards
  A goblin skeleton (D:3)
  42 kobolds
  11 rats
  3 fungi
  4 tentacles (Shoals:2)
1336 creatures vanquished.

Vanquished Creatures (others)
  Nessos (Orc:2)
  2 merfolk javelineers (Shoals:4)
  3 centaur warriors
  2 satyrs (Shoals:4)
  3 deep elf archers
  3 deep elf magi (Elf:2)
  A wolf spider (Spider:4)
  A faun (Shoals:2)
  A jumping spider (Spider:4)
  A redback (Spider:4)
  A human (D:15)
  2 orc warriors (Orc:2)
  An ice beast (D:13)
  11 centaurs
  A big kobold (D:13)
  A jelly (D:14)
  A hell rat (Lair:6)
  A worker ant (D:6)
  6 orcs (Orc:2)
  2 kobolds (D:13)
  11 plants
  44 tentacles
100 creatures vanquished.

Grand Total: 1436 creatures vanquished

Notes
Turn   | Place    | Note
-------+----------+-------------------------------------------
     0 | D:1      | Mika the Minotaur Berserker began the quest for the Orb.
     0 | D:1      | Reached XP level 1. HP: 19/19 MP: 0/0
   416 | D:1      | Reached XP level 2. HP: 22/27 MP: 1/1
   770 | D:1      | Reached XP level 3. HP: 34/34 MP: 2/2
   993 | D:2      | Reached ** piety under Trog
  1177 | D:2      | Found a sparkling altar of Nemelex Xobeh.
  1227 | D:2      | Found a stormy altar of Qazlal.
  1343 | D:2      | Found a hazy altar of Hepliaklqana.
  1351 | D:2      | Reached XP level 4. HP: 41/41 MP: 3/3
  1766 | D:3      | Reached *** piety under Trog
  1768 | D:3      | Noticed zeram's ghost (amateur SpAs)
  1777 | D:3      | Killed zeram's ghost
  1777 | D:3      | Reached skill level 5 in Fighting
  1777 | D:3      | Reached skill level 5 in Maces & Flails
  1777 | D:3      | Reached XP level 5. HP: 48/48 MP: 4/4
  1939 | D:3      | Found a runed door.
  1939 | D:3      | Noticed a human
  1941 | D:3      | Found a basalt altar of Yredelemnul.
  1966 | D:3      | Killed a human
  1966 | D:3      | Reached XP level 6. HP: 25/56 MP: 5/5
  2646 | D:4      | Reached skill level 5 in Armour
  3136 | D:4      | Reached XP level 7. HP: 45/63 MP: 6/6
  3176 | D:4      | Found an ornate altar of the Wu Jian Council.
  3400 | D:5      | Entered Level 5 of the Dungeon
  3512 | D:5      | Found an ancient bone altar of Kikubaaqudgha.
  4031 | D:5      | Reached XP level 8. HP: 71/71 MP: 7/7
  4423 | D:5      | Got a faintly glowing shield
  4463 | D:5      | Reached **** piety under Trog
  4471 | D:5      | Identified the +4 shield "Semanki" {rPois rC- Dex+2} (You found it on level 5 of the Dungeon)
  4626 | D:6      | Noticed Edmund
  4627 | D:6      | Noticed Eustachio
  4636 | D:6      | Killed Edmund
  4641 | D:6      | Killed Eustachio
  4655 | D:6      | Found a staircase to the Ecumenical Temple.
  4840 | D:6      | Noticed Menkaure
  4846 | D:6      | Killed Menkaure
  4846 | D:6      | Reached XP level 9. HP: 82/82 MP: 8/8
  5020 | D:6      | Noticed Pikel
  5031 | D:6      | Killed Pikel
  5031 | D:6      | Reached skill level 5 in Dodging
  5031 | D:6      | Reached skill level 1 in Shields
  5039 | D:6      | Found a hide-covered altar of Uskayaw.
  5406 | D:6      | Found a runed door.
  5444 | D:6      | Noticed Crazy Yiuf
  5449 | D:6      | Killed Crazy Yiuf
  5557 | D:7      | Found a glowing silver altar of Zin.
  5559 | D:7      | Found a shadowy altar of Dithmenos.
  5628 | D:7      | Reached skill level 2 in Shields
  5679 | D:7      | Reached skill level 3 in Shields
  6392 | D:7      | Found a radiant altar of Vehumet.
  6488 | D:8      | Reached XP level 10. HP: 93/93 MP: 9/9
  6538 | D:8      | Reached skill level 10 in Fighting
  6538 | D:8      | Reached skill level 4 in Shields
  6848 | D:8      | Found a shimmering altar of Xom.
  7050 | D:8      | Noticed a cyclops
  7065 | D:8      | Killed a cyclops
  7099 | D:8      | Reached skill level 10 in Armour
  7194 | D:8      | Found a sacrificial altar of Ru.
  7450 | D:9      | Reached skill level 5 in Shields
  7491 | D:9      | Reached skill level 10 in Maces & Flails
  7676 | D:9      | Got a scorched war axe
  7717 | D:9      | Identified the +5 war axe "Aubergine" {antimagic, +Fly rElec MR+++ Str-4} (You found it on level 9 of the Dungeon)
  7814 | D:9      | Reached skill level 6 in Shields
  8067 | D:9      | Found a staircase to the Lair.
  8237 | D:9      | Noticed Erolcha
  8263 | D:9      | Killed Erolcha
  8263 | D:9      | Reached skill level 7 in Shields
  8953 | Lair:1   | Entered Level 1 of the Lair of Beasts
  9089 | Lair:1   | Noticed a spiny frog
  9101 | Lair:1   | Killed a spiny frog
  9101 | Lair:1   | Reached XP level 11. HP: 101/101 MP: 10/10
 10426 | Lair:2   | Reached skill level 8 in Shields
 10464 | Lair:2   | Noticed an oklob plant
 10479 | Lair:2   | Killed an oklob plant
 10993 | Lair:3   | Noticed a four-headed hydra
 11007 | Lair:3   | Killed a four-headed hydra
 11098 | Lair:3   | Reached skill level 9 in Shields
 11436 | Lair:3   | Found a staircase to the Shoals.
 11505 | Lair:3   | Reached XP level 12. HP: 82/112 MP: 11/11
 11957 | Lair:3   | Noticed a seven-headed hydra
 11967 | Lair:3   | Killed a seven-headed hydra
 13278 | Lair:4   | Reached skill level 10 in Shields
 14152 | Lair:4   | Found a hole to the Spider Nest.
 14445 | Lair:4   | Noticed a seven-headed hydra
 14458 | Lair:4   | Killed a seven-headed hydra
 14458 | Lair:4   | Reached skill level 11 in Shields
 14752 | Lair:4   | Identified a scroll of acquirement
 14869 | Lair:5   | Noticed a death yak
 14869 | Lair:5   | Noticed a death yak
 14870 | Lair:5   | Noticed a death yak
 14881 | Lair:5   | Killed a death yak
 14886 | Lair:5   | Killed a death yak
 14893 | Lair:5   | Killed a death yak
 15073 | Lair:5   | Noticed a seven-headed hydra
 15081 | Lair:5   | Killed a seven-headed hydra
 15295 | Lair:5   | Reached XP level 13. HP: 122/122 MP: 12/12
 15815 | Lair:6   | Entered Level 6 of the Lair of Beasts
 15926 | Lair:6   | Upgraded the game from 0.22-a0-410-g97be04f to 0.22-a0-414-gacd343e
 16311 | Lair:6   | Noticed Snorg
 16319 | Lair:6   | Killed Snorg
 16319 | Lair:6   | Reached skill level 12 in Shields
 16748 | Lair:6   | Found a staircase to the Slime Pits.
 17269 | Lair:6   | Reached skill level 15 in Armour
 20136 | D:10     | Entered Level 10 of the Dungeon
 20160 | D:10     | Reached skill level 1 in Evocations
 20247 | D:10     | Found a shimmering altar of Xom.
 21045 | D:11     | Found a staircase to the Orcish Mines.
 21136 | D:11     | Reached XP level 14. HP: 133/133 MP: 14/14
 21284 | D:11     | Found a basalt altar of Yredelemnul.
 21656 | D:11     | Reached skill level 13 in Shields
 21894 | D:11     | Reached skill level 15 in Fighting
 22397 | D:11     | Received a gift from Trog
 23197 | D:12     | Noticed Blork the orc
 23230 | D:12     | Killed Blork the orc
 23234 | D:12     | Found a deep blue altar of Sif Muna.
 23568 | D:13     | Found a shimmering altar of Xom.
 24037 | D:13     | Found a gate to the Vaults.
 24465 | Orc:1    | Entered Level 1 of the Orcish Mines
 24465 | Orc:1    | Noticed Maurice
 24524 | D:11     | Killed Maurice
 24530 | D:11     | Reached skill level 14 in Shields
 24669 | Orc:1    | Paralysed by an orc sorcerer for 2 turns
 24799 | Orc:1    | Reached ***** piety under Trog
 24857 | Orc:1    | Found Ybiann's Book Shop.
 24922 | Orc:1    | Found a roughly hewn altar of Beogh.
 25118 | Orc:2    | Entered Level 2 of the Orcish Mines
 25132 | Orc:2    | Noticed Nessos
 25147 | Orc:2    | Killed Nessos
 25373 | Orc:2    | Reached XP level 15. HP: 141/141 MP: 15/15
 25382 | Orc:2    | Reached skill level 15 in Maces & Flails
 25384 | Orc:2    | Received a gift from Trog
 25461 | Orc:2    | Found Vineschu's Book Shop.
 25461 | Orc:2    | Found Owujis's Antique Armour Shoppe.
 25463 | Orc:2    | Found Fap Aby's Armour Emporium.
 25465 | Orc:2    | Found Wuyjuqeh's Distillery.
 25512 | Orc:2    | Bought a potion of curing for 51 gold pieces
 25519 | Orc:2    | Bought a spiked cloak for 190 gold pieces
 25529 | Orc:2    | Identified the +2 cloak of Beyond {rC+} (You bought it in a shop on level 2 of the Orcish Mines)
 25780 | Orc:2    | Found a roughly hewn altar of Beogh.
 25877 | Orc:2    | Found a staircase to the Elven Halls.
 26467 | D:14     | Received a gift from Trog
 26676 | D:14     | Reached skill level 15 in Shields
 27114 | D:14     | Received a gift from Trog
 27117 | D:14     | Got a bloodstained dire flail {god gift}
 27127 | D:14     | Identified the +3 dire flail "Jykhlauf" {crush, Dex+5} (Trog gifted it to you on level 14 of the Dungeon)
 27607 | D:15     | Entered Level 15 of the Dungeon
 28542 | D:15     | Found a staircase to the Depths.
 28660 | D:15     | Found Deowyjoo's Jewellery Shoppe.
 28712 | D:15     | Noticed Kirke
 28731 | D:15     | Killed Kirke
 29334 | Spider:1 | Entered Level 1 of the Spider Nest
 29542 | Spider:1 | Found a runed door.
 29870 | Spider:1 | Reached skill level 16 in Shields
 30015 | Spider:1 | Identified the Guide on Glacial Feathers
 30292 | Spider:1 | Reached XP level 16. HP: 152/152 MP: 16/16
 30358 | Spider:1 | Received a gift from Trog
 30376 | Spider:1 | Got a slimy ring mail
 30386 | Spider:1 | Identified the cursed +1 ring mail "Udapuoca" {-Cast rPois Int+7 SInv} (You found it on level 1 of the Spider Nest)
 30956 | Spider:2 | Found the ring of Shadows {Umbra +Inv Stlth+}
 31015 | Spider:2 | Got a bloodstained mace
 31027 | Spider:2 | Found a frozen archway.
 31095 | IceCv    | Entered an ice cave
 31199 | IceCv    | Identified the +5 mace of Interdependent Arising {speed, Str+4} (You found it on level 2 of the Spider Nest)
 31289 | IceCv    | Reached skill level 17 in Shields
 31659 | IceCv    | Noticed an Ice Fiend
 31674 | IceCv    | Killed an Ice Fiend
 31795 | IceCv    | Got a shimmering leather armour
 32271 | Spider:2 | Received a gift from Trog
 33323 | Spider:3 | Identified the +1 leather armour of the Townfolk {+Inv rN++ Dex-4 Stlth+} (You found it in an ice cave)
 33573 | Spider:3 | Reached skill level 18 in Shields
 34074 | Spider:4 | Entered Level 4 of the Spider Nest
 34179 | Spider:4 | Noticed Jorgrun
 34199 | Spider:4 | Killed Jorgrun
 34199 | Spider:4 | Reached XP level 17. HP: 163/163 MP: 17/17
 34236 | Spider:4 | Received a gift from Trog
 34618 | Spider:4 | Noticed Aizul
 34638 | Spider:4 | Killed Aizul
 35128 | Spider:4 | Reached skill level 19 in Shields
 35153 | Spider:4 | Noticed Nikola
 35560 | Spider:4 | Noticed Louise
 35581 | Spider:4 | Killed Louise
 35669 | Spider:4 | Killed Nikola
 36098 | Spider:4 | Got a gossamer rune of Zot
 36921 | Shoals:1 | Entered Level 1 of the Shoals
 37182 | Shoals:1 | Found Pahoal's Weapon Boutique.
 37683 | Shoals:2 | Noticed a kraken
 37683 | Shoals:2 | Noticed a kraken
 37683 | Shoals:2 | Noticed a kraken
 37683 | Shoals:2 | Noticed a kraken
 38141 | Shoals:2 | Killed a kraken
 38259 | Shoals:2 | Killed a kraken
 38377 | Shoals:2 | Noticed Frances
 38396 | Shoals:2 | Killed Frances
 38527 | Shoals:2 | Reached skill level 20 in Shields
 38646 | Shoals:2 | Reached XP level 18. HP: 173/173 MP: 18/18
 39546 | Shoals:3 | Found a runed door.
 40104 | Shoals:3 | Found the ring of Robustness {AC+8}
 40157 | Shoals:4 | Entered Level 4 of the Shoals
 40157 | Shoals:4 | Noticed Ilsuiw
 40372 | Shoals:4 | Killed Ilsuiw
 40372 | Shoals:4 | Received a gift from Trog
 40375 | Shoals:4 | Got a twisted demon whip {god gift}
 40376 | Shoals:4 | Identified the +5 demon whip of Elaf {flame, rF- Str+3} (Trog gifted it to you on level 4 of the Shoals)
 41793 | Shoals:4 | Reached skill level 21 in Shields
 42129 | Shoals:4 | Got a barnacled rune of Zot
 42207 | Shoals:4 | Received a gift from Trog
 42704 | Slime:1  | Entered Level 1 of the Pits of Slime
 43667 | Elf:1    | Entered Level 1 of the Elven Halls
 43884 | Elf:1    | Identified the Guide on Conjuration
 44162 | Elf:1    | Found an ancient bone altar of Kikubaaqudgha.
 44761 | Elf:2    | Reached XP level 19. HP: 184/184 MP: 19/19
 44892 | Elf:2    | Received a gift from Trog
 45385 | Elf:2    | Found a runed gate.
 45385 | Elf:2    | Found a runed gate.
 45385 | Elf:2    | Found a runed gate.
 46405 | Elf:2    | Cast into level 2 of the Abyss (glaive of distortion)
 46459 | Elf:2    | Escaped the Abyss
 46789 | Elf:3    | Entered Level 3 of the Elven Halls
 46931 | Elf:3    | Reached skill level 22 in Shields
 47130 | Elf:3    | Received a gift from Trog
 47300 | Elf:3    | Cast into level 2 of the Abyss (a deep elf sorcerer)
 47432 | Abyss:2  | Found a corrupted altar of Lugonu.
 47642 | Abyss:2  | Lost intelligence.
 47669 | Abyss:2  | HP: 3/130 [eidolon/bolt of negative energy (8)]
 47682 | Abyss:2  | HP: 6/130 [starcursed mass/accursed screaming (6)]
 47687 | Abyss:2  | HP: 3/130 [starcursed mass/accursed screaming (8)]
 47687 | Abyss:2  | Paralysed by accursed screaming for 1 turns
 47688 | Abyss:2  | Killed from afar by a starcursed mass

Vault maps used:
D:1:      saegor_arrival_simple_b, minmay_misc_feat_secret_circle
D:2:      nicolae_overflow_hidden_temple, grunt_qazlal_clouds,
          lemuel_doored_altar
D:3:      dk_yredelemnul_ordeal
D:4:      overflow_temple_1_default, first_ration
D:5:      kennysheep_windowed_halls, kennysheep_mini_moat,
          small_statue_intersection
D:6:      minmay_klotski, old_standard_altar, temple_fountains, uniq_pikel,
          uniq_edmund, uniq_menkaure, uniq_eustachio, uniq_crazy_yiuf_cottage
D:7:      fiery_altar_vehumet, gammafunk_temple_overflow_pools
D:8:      kennysheep_little_box, nicolae_ru_great_annihilating_truth
D:9:      grunt_lair_entry_orc_guard_hut, hangedman_fish_farm, uniq_erolcha
D:10:     basic_altar, disabler_island
D:11:     orc_david_3, minmay_misc_feat_five, lemuel_hellish_altar
D:12:     tgw_sif
D:13:     grunt_vaults_entry_fortified, xom_confusion_cloud
D:14:     minmay_bent
D:15:     grunt_enter_depths_magical_seal, serial_shops, shop,
          bh_walls_and_bars, uniq_kirke
Lair:3:   elwin_shoals_entry_rooms, serial_bayou_pond_c, st_stairs_13,
          hangedman_lair_unloving_vines, serial_bayou_shore_a,
          infiniplex_staircase_pool_2
Lair:4:   nicolae_spider_entry_tight_spaces, st_stairs_5,
          grunt_forest_stairs_clearing
Lair:6:   hangedman_lair_in_review, minmay_slime_entry_pillars, minivault_27,
          minmay_lair_oklob_chamber, uniq_snorg
Shoals:1: serial_shops, shop
Shoals:2: nicolae_shoals_kraken_party, uniq_frances
Shoals:3: lightli_airlock
Shoals:4: shoals_end_hangedman, shoal_ilsuiw, nicolae_shoals_loop_pool
Spider:1: cheibrodos_spider_deadly_dance, spider_trap,
          nicolae_spider_webs_and_nodes
Spider:2: spiders_nest_scorpion_pit, portal_ice_cave_entry_frozen_things,
          spider_trap, nicolae_spider_circle_web, nicolae_spider_cling_ruins
Spider:3: spider_trap
Spider:4: grunt_spider_rune_parallel, uniq_jorgrun, uniq_louise, uniq_nikola,
          uniq_aizul
Slime:1:  cheibrodos_slime_lost_civilization_6
Orc:1:    basic_altar, serial_shops, shop, uniq_maurice
Orc:2:    st_orc_rangers, basic_altar, uniq_nessos
Elf:1:    minmay_elf_arrival_plus, basic_altar, minmay_elf_annihilation
Elf:3:    minmay_elf_hall_statues, nicolae_twisting_strands,
          hangedman_corner_corridor
Abyss:2:  evilmike_abyss_exit_14, serial_sigils_hangedman_shear,
          hangedman_abyss_or_decor_jellyfish_corner,
          serial_sigils_hangedman_gut, evilmike_abyss_exit_chaos
IceCv:    ice_cave_tombish

Skill      XL: |  1  2  3  4  5  6  7  8  9 10 11 12 13 14 15 16 17 18 19 |
---------------+----------------------------------------------------------+-----
Fighting       | 4 5 6 8 9 10 12 13 14 15 16 17 18 19 20 | 20.3
Maces & Flails | 4 5 6 8 9 10 11 12 13 14 16 17 18 | 18.0
Armour         | 3 4 5 6 8 9 11 12 14 15 17 18 19 20 21 | 21.6
Dodging        | 3 4 5 |  5.2
Shields        | 3 7 9 11 12 14 16 18 20 21 22 | 22.1
Evocations     | 1 2 |  2.5
Unarmed Combat | |  0.2

Action                   |  1- 3 |  4- 6 |  7- 9 | 10-12 | 13-15 | 16-18 | 19-21 || total
-------------------------+-------+-------+-------+-------+-------+-------+-------++-------
Melee: Mace              |    93 |    85 |       |       |       |  1582 |       ||  1760
       Headbutt          |    11 |    17 |    65 |   246 |   344 |   652 |   102 ||  1437
       Whip              |       |    11 |   346 |   824 |       |       |       ||  1181
       Morningstar       |       |       |       |    35 |  1327 |   179 |       ||  1541
       Dire flail        |       |       |       |       |    21 |       |       ||    21
       Unarmed           |       |       |       |       |     7 |       |       ||     7
       Demon whip        |       |       |       |       |       |   339 |   385 ||   724
Invok: Berserk           |     2 |     4 |    10 |    20 |    37 |    28 |     7 ||   108
       Trog's Hand       |       |     4 |    14 |    25 |    48 |    48 |    15 ||   154
 Abil: Evoke Flight      |       |       |       |       |     1 |       |       ||     1
Evoke: Sack of spiders   |       |       |       |     2 |       |     2 |       ||     4
       Wand              |       |       |       |       |    45 |    17 |       ||    62
  Use: Scroll            |     4 |     9 |     3 |    13 |    10 |    14 |     2 ||    55
       Potion            |       |       |     1 |       |     8 |    18 |     5 ||    32
 Stab: Distracted        |       |       |     1 |       |       |       |       ||     1
       Paralysed         |       |       |       |     1 |       |       |       ||     1
       Petrified         |       |       |       |       |     3 |       |       ||     3
       Invisible         |       |       |       |       |     1 |       |       ||     1
       Confused          |       |       |       |       |     1 |       |       ||     1
       Held in net/web   |       |       |       |       |       |     1 |       ||     1
  Eat: Chunk             |     2 |    10 |    17 |    16 |    64 |    28 |     5 ||   142
       Ration            |       |     1 |     3 |    11 |    10 |    19 |     5 ||    49
Armor: Animal skin       |     9 |       |       |       |       |       |       ||     9
       Ring mail         |    28 |    27 |    57 |       |       |       |       ||   112
       Chain mail        |       |       |    45 |   264 |   167 |       |       ||   476
       Plate armour      |       |       |       |       |   309 |   833 |   153 ||  1295
Dodge: Dodged            |    86 |    70 |   130 |   172 |   573 |   919 |   176 ||  2126
Block: Shield            |       |       |    83 |   541 |  1662 |  2578 |   415 ||  5279
       Reflection        |       |       |       |       |   126 |   102 |    74 ||   302
       Other             |       |       |       |       |     3 |       |       ||     3

Table legend:
 A = Spawn XP
 B = Non-spawn XP
 C = Spawn XP percentage of total XP
 D = Spawn monster count
 E = Non-spawn monster count
 F = Spawn count percentage of total count
 G = Total turns spent on level
                    A         B        C        D         E        F      G
               +---------+---------+-------+---------+---------+-------+---------
         Total |    4964 |  432426 |   1.1 |      15 |    1346 |   1.1 | 47688
               +---------+---------+-------+---------+---------+-------+---------
           D:1 |       0 |      43 |   0.0 |       0 |      24 |   0.0 |   988
           D:2 |       0 |      58 |   0.0 |       0 |      33 |   0.0 |   665
           D:3 |       0 |     335 |   0.0 |       0 |      18 |   0.0 |   904
           D:4 |       0 |     407 |   0.0 |       0 |      22 |   0.0 |   843
           D:5 |       0 |    1339 |   0.0 |       0 |      51 |   0.0 |  1194
           D:6 |       0 |    1534 |   0.0 |       0 |      12 |   0.0 |   890
           D:7 |       0 |    1725 |   0.0 |       0 |      25 |   0.0 |   982
           D:8 |       0 |    1296 |   0.0 |       0 |      23 |   0.0 |  1035
           D:9 |       0 |    3744 |   0.0 |       0 |      40 |   0.0 |  1665
          D:10 |       0 |    3028 |   0.0 |       0 |      12 |   0.0 |   981
          D:11 |       0 |   16902 |   0.0 |       0 |     110 |   0.0 |  1772
          D:12 |       0 |    3909 |   0.0 |       0 |      31 |   0.0 |  1012
          D:13 |       0 |    9794 |   0.0 |       0 |      38 |   0.0 |  1033
          D:14 |       0 |   11366 |   0.0 |       0 |      45 |   0.0 |  1350
          D:15 |       0 |   20848 |   0.0 |       0 |      47 |   0.0 |  1374
        Lair:1 |       0 |    1159 |   0.0 |       0 |       7 |   0.0 |  1108
        Lair:2 |       0 |    5273 |   0.0 |       0 |      17 |   0.0 |  1186
        Lair:3 |       0 |    8214 |   0.0 |       0 |      27 |   0.0 |  2448
        Lair:4 |       0 |    8310 |   0.0 |       0 |      36 |   0.0 |  1914
        Lair:5 |       0 |    6332 |   0.0 |       0 |      15 |   0.0 |  1128
        Lair:6 |       0 |   20891 |   0.0 |       0 |      58 |   0.0 |  4580
      Shoals:1 |       0 |    5383 |   0.0 |       0 |      12 |   0.0 |   782
      Shoals:2 |       0 |   30915 |   0.0 |       0 |      49 |   0.0 |  1522
      Shoals:3 |       0 |   14186 |   0.0 |       0 |      24 |   0.0 |  1268
      Shoals:4 |       0 |   39171 |   0.0 |       0 |      62 |   0.0 |  2072
      Spider:1 |       0 |   23006 |   0.0 |       0 |      59 |   0.0 |  1654
      Spider:2 |       0 |   23916 |   0.0 |       0 |      69 |   0.0 |  1247
      Spider:3 |       0 |   18574 |   0.0 |       0 |      52 |   0.0 |  1536
      Spider:4 |       0 |   47019 |   0.0 |       0 |      80 |   0.0 |  1905
       Slime:1 |       0 |    3434 |   0.0 |       0 |       7 |   0.0 |   170
         Orc:1 |       0 |    2607 |   0.0 |       0 |      28 |   0.0 |   469
         Orc:2 |       0 |    9133 |   0.0 |       0 |      67 |   0.0 |  1043
         Elf:1 |       0 |   11215 |   0.0 |       0 |      19 |   0.0 |  1021
         Elf:2 |       0 |   51877 |   0.0 |       0 |      74 |   0.0 |  2140
         Elf:3 |       0 |   13676 |   0.0 |       0 |      22 |   0.0 |   418
       Abyss:2 |    4964 |    2003 |  71.3 |      15 |       7 |  68.2 |   442
         IceCv |       0 |    9804 |   0.0 |       0 |      24 |   0.0 |   947
               +---------+---------+-------+---------+---------+-------+---------
